 Dungeon Crawl Stone Soup version 0.26-a0-812-g31a745ddcd (webtiles) character file.

Game seed: 122596777355430305

1016 tilp the Covert (level 8, 0/67 HPs)
             Began as a Gnoll Delver on Nov 22, 2020.
             Slain by a wyvern skeleton (10 damage)
             ... on level 6 of the Dungeon.
             The game lasted 00:15:39 (7472 turns).

tilp the Covert (Gnoll Delver)                      Turns: 7472, Time: 00:15:40

Health: 0/67       AC:  4    Str: 16    XL:     8   Next: 21%
Magic:  12/12      EV: 15    Int: 14    God:
Gold:   268        SH:  5    Dex: 16    Spells: 13/13 levels left

rFire    . . .     SeeInvis .   a - +0 mace
rCold    + . .     Faith    .   k - +0 buckler
rNeg     . . .     Spirit   .   z - +0 leather armour
rPois    +         Reflect  .   (no helmet)
rElec    .         Harm     .   (no cloak)
rCorr    .         Rampage  .   (no gloves)
MR       .....                  x - +0 pair of boots
Stlth    ++++......             (no amulet)
HPRegen  0.21/turn              w - ring of poison resistance
MPRegen  0.13/turn              m - ring of protection from cold

@: no status effects
A: distributed training, fangs 1, strong nose
a: no special abilities


You were on level 6 of the Dungeon.
You visited 1 branch of the dungeon, and saw 7 of its levels.

You collected 268 gold pieces.

Inventory:

Hand Weapons
 a - a +0 mace (weapon)
 b - a +2 dagger of freezing
 u - a +1 short sword of draining
Missiles
 l - 107 stones (quivered)
 n - 7 curare-tipped darts
 A - 6 poisoned darts
Armour
 k - a +0 buckler (worn)
 x - a +0 pair of boots (worn)
 z - a +0 leather armour (worn)
Jewellery
 m - a ring of protection from cold (right hand)
 o - a cursed -4 ring of evasion {unknown}
 s - an uncursed ring of see invisible
 w - a ring of poison resistance (left hand)
Wands
 g - a wand of digging (3)
Scrolls
 c - 5 scrolls of fog
 e - a scroll of fear
 i - 2 scrolls of amnesia
 j - a scroll of immolation
 r - 2 scrolls of teleportation
 t - 3 scrolls of blinking
 v - a scroll of identify {unknown}
 y - 3 scrolls of magic mapping
 B - a scroll of enchant armour {unknown}
Potions
 d - a potion of attraction {unknown}
 f - a potion of haste
 h - 2 potions of lignification {unknown}
 p - 2 potions of flight {unknown}
 q - 4 potions of curing {unknown}
 C - a potion of degeneration {unknown}
 D - a potion of heal wounds {unknown}


   Skills:
 + Level 7.3 Fighting
 + Level 3.1 Short Blades
 + Level 3.1 Long Blades
 + Level 3.1 Axes
 + Level 5.5 Maces & Flails
 + Level 3.1 Polearms
 + Level 3.1 Staves
 + Level 3.1 Slings
 + Level 3.1 Bows
 + Level 3.1 Crossbows
 + Level 3.1 Throwing
 + Level 3.1 Armour
 + Level 5.5 Dodging
 + Level 10.0 Stealth
 + Level 3.1 Shields
 + Level 3.1 Unarmed Combat
 + Level 3.1 Spellcasting
 + Level 2.5 Conjurations
 + Level 2.5 Hexes
 + Level 2.5 Summonings
 + Level 2.5 Necromancy
 + Level 2.5 Translocations
 + Level 2.5 Transmutations
 + Level 2.5 Fire Magic
 + Level 2.5 Ice Magic
 + Level 2.5 Air Magic
 + Level 2.5 Earth Magic
 + Level 2.5 Poison Magic
 + Level 3.4 Invocations
 + Level 3.1 Evocations


You had 13 spell levels left.
You didn't know any spells.
Your spell library was empty.

Dungeon Overview and Level Annotations

Branches:
Dungeon (7/15)
 Temple: D:4-7

Altars:
Wu Jian

Shops:
D:4 :

Annotations:
D:4 wights
D:5 Blork the orc, Edmund, Menkaure
D:6 Dowan


Innate Abilities, Weirdness & Mutations

Your experience applies equally to all skills.
You have very sharp teeth.
Your uncanny sense of smell can sniff out nearby items.


Message History

You kill the gnoll!
The wyvern skeleton barely misses you.
You hit the wyvern skeleton.
You bite the wyvern skeleton, but do no damage.
The wyvern skeleton is lightly damaged.
The wyvern skeleton closely misses you.
You hit the wyvern skeleton.
The wyvern skeleton is lightly damaged.
The wyvern skeleton closely misses you. The wyvern skeleton barely misses you.
You hit the wyvern skeleton.
The wyvern skeleton is moderately damaged.
The wyvern skeleton bites you but does no damage.
You hit the wyvern skeleton.
The wyvern skeleton is heavily damaged.
The wyvern skeleton closely misses you. The wyvern skeleton bites you!
* * * LOW HITPOINT WARNING * * *
You hit the wyvern skeleton but do no damage.
The wyvern skeleton is heavily damaged.
The wyvern skeleton bites you!
You die...

#..#.##.# #.##.....## ..
#.....#.###.##.###.# #
#..#.#.........# #.#
#.##...........###.#
#........##.##.....#
###.#.##.##.##.#.###
##.###.##......#
#######.#####...#
#..........@Z..(######...
#....)#.#.####..)........
#..<....#.# #...........
#.)...###.# #...........
#.....###.# ...######....
####......##.### ...
#########. .. # !


You could see a wyvern skeleton.

Vanquished Creatures
  An ice beast (D:4)
  2 ogres
  A phantom (D:5)
  A centaur (D:4)
  A gnoll sergeant (D:6)
  3 hounds (D:3)
  2 iguanas (D:5)
  An orc wizard (D:4)
  2 worker ants (D:5)
  A howler monkey skeleton (D:5)
  9 gnolls
  8 adders
  2 white imps (D:5)
  An ufetubus (D:5)
  An ooze (D:2)
  An adder zombie (D:5)
  6 worms
  6 dart slugs
  A leopard gecko (D:3)
  2 orcs (D:5)
  5 giant cockroaches
  9 goblins
  6 hobgoblins
  12 kobolds
  2 quokkas
  2 ball pythons
  8 bats
  3 frilled lizards
  A jackal skeleton (D:5)
  9 rats
109 creatures vanquished.

Notes
Turn   | Place    | Note
-------+----------+-------------------------------------------
     0 | D:5      | Reached skill level 9 in Stealth
     0 | D:5      | tilp the Gnoll Delver began the quest for the Orb.
     0 | D:5      | Reached XP level 1. HP: 23/23 MP: 1/1
    34 | D:6      | Reached XP level 2. HP: 24/29 MP: 2/2
   146 | D:5      | Noticed Menkaure
   387 | D:6      | Noticed Dowan
   453 | D:5      | Noticed Edmund
   540 | D:6      | Reached XP level 3. HP: 31/35 MP: 3/3
   541 | D:6      | Reached skill level 1 in Invocations
   728 | D:5      | Noticed Blork the orc
   745 | D:5      | Noticed an ice beast
  1167 | D:2      | Found an ornate altar of the Wu Jian Council.
  1169 | D:2      | Reached skill level 1 in Short Blades
  1169 | D:2      | Reached skill level 1 in Long Blades
  1169 | D:2      | Reached skill level 1 in Axes
  1169 | D:2      | Reached skill level 1 in Polearms
  1169 | D:2      | Reached skill level 1 in Staves
  1169 | D:2      | Reached skill level 1 in Slings
  1169 | D:2      | Reached skill level 1 in Bows
  1169 | D:2      | Reached skill level 1 in Crossbows
  1169 | D:2      | Reached skill level 1 in Throwing
  1169 | D:2      | Reached skill level 1 in Armour
  1169 | D:2      | Reached skill level 1 in Shields
  1169 | D:2      | Reached skill level 1 in Unarmed Combat
  1169 | D:2      | Reached skill level 1 in Spellcasting
  1169 | D:2      | Reached skill level 1 in Evocations
  1284 | D:2      | Reached XP level 4. HP: 35/41 MP: 5/5
  1766 | D:2      | Reached skill level 1 in Conjurations
  1766 | D:2      | Reached skill level 1 in Hexes
  1766 | D:2      | Reached skill level 1 in Summonings
  1766 | D:2      | Reached skill level 1 in Necromancy
  1766 | D:2      | Reached skill level 1 in Translocations
  1766 | D:2      | Reached skill level 1 in Transmutations
  1766 | D:2      | Reached skill level 1 in Fire Magic
  1766 | D:2      | Reached skill level 1 in Ice Magic
  1766 | D:2      | Reached skill level 1 in Air Magic
  1766 | D:2      | Reached skill level 1 in Earth Magic
  1766 | D:2      | Reached skill level 1 in Poison Magic
  2414 | D:1      | Reached XP level 5. HP: 47/47 MP: 6/6
  3448 | D:3      | Reached XP level 6. HP: 52/53 MP: 8/8
  3805 | D:4      | Noticed a phantom
  3833 | D:4      | Reached skill level 5 in Maces & Flails
  3833 | D:4      | Reached skill level 5 in Dodging
  4046 | D:4      | Noticed a phantom
  4434 | D:4      | Found Aner's Book Boutique.
  5557 | D:5      | Noticed a phantom
  5594 | D:5      | Reached XP level 7. HP: 21/59 MP: 10/10
  6625 | D:5      | Reached skill level 10 in Stealth
  6751 | D:5      | Reached XP level 8. HP: 45/67 MP: 12/12
  7472 | D:6      | Slain by a wyvern skeleton

Illustrated notes

Levels and vault maps discovered:
D:1:      dpeg_arrival_signposts, layout_basic
D:2:      layout_rooms, old_standard_altar
D:3:      layout_rooms, cheibrodos_gnoll_hut
D:4:      layout_loops_corners, kennysheep_small_circle
D:5:      layout_layer_cave, hangedman_decor_slide_cut, minmay_diced_spiral,
          uniq_ijyb, uniq_menkaure, uniq_blork_the_orc, uniq_edmund
D:6:      layout_loops_cross, minmay_temple_entry_from_below_a, enter_ossuary_4,
          corexii_leaking_fountain, uniq_crazy_yiuf_cottage, uniq_duvessa
D:7:      layout_gridville, minmay_starry_boxes

Skill      XL: |  1  2  3  4  5  6  7  8 |
---------------+-------------------------+-----
Stealth        | 10 | 10.0
Invocations    | 1 2 3 |  3.4
Short Blades   | 1 2 3 |  3.1
Long Blades    | 1 2 3 |  3.1
Axes           | 1 2 3 |  3.1
Polearms       | 1 2 3 |  3.1
Staves         | 1 2 3 |  3.1
Slings         | 1 2 3 |  3.1
Bows           | 1 2 3 |  3.1
Crossbows      | 1 2 3 |  3.1
Throwing       | 1 2 3 |  3.1
Armour         | 1 2 3 |  3.1
Shields        | 1 2 3 |  3.1
Unarmed Combat | 1 2 3 |  3.1
Spellcasting   | 1 2 3 |  3.1
Evocations     | 1 2 3 |  3.1
Conjurations   | 1 2 |  2.5
Hexes          | 1 2 |  2.5
Summonings     | 1 2 |  2.5
Necromancy     | 1 2 |  2.5
Translocations | 1 2 |  2.5
Transmutations | 1 2 |  2.5
Fire Magic     | 1 2 |  2.5
Ice Magic      | 1 2 |  2.5
Air Magic      | 1 2 |  2.5
Earth Magic    | 1 2 |  2.5
Poison Magic   | 1 2 |  2.5
Maces & Flails | 5 |  5.5
Dodging        | 5 |  5.5
Fighting       | 7 |  7.3

Action                   |  1- 3 |  4- 6 |  7- 9 || total
-------------------------+-------+-------+-------++-------
Melee: Mace              |    66 |   295 |   126 ||   487
       Bite              |     6 |    44 |    15 ||    65
       Dagger            |       |    11 |       ||    11
Throw: Stone             |     5 |       |     1 ||     6
       Javelin           |       |       |     4 ||     4
  Use: Scroll            |     1 |     6 |       ||     7
 Stab: Sleeping          |     4 |    18 |     2 ||    24
       Distracted        |       |     1 |       ||     1
Armor: Leather armour    |    10 |    53 |    16 ||    79
Dodge: Dodged            |    60 |   205 |    88 ||   353
Block: Buckler           |       |    55 |    27 ||    82

Table legend: (Time is in decaauts)
 A = Elapsed time spent in this place.
 B = Non-inter-level travel time spent in this place.
 C = Inter-level travel time spent in this place.
 D = Time resting spent in this place.
 E = Time spent auto-exploring this place.
 F = Levels seen in this place.
 G = Mean time per level.
                   A        B        C        D        E       F      G
               +--------+--------+--------+--------+--------+-----+--------+
         Total |   7572 |   7213 |    359 |   3145 |   1992 |   7 | 1081.7 |
       Dungeon |   7572 |   7213 |    359 |   3145 |   1992 |   7 | 1081.7 |
               +--------+--------+--------+--------+--------+-----+--------+

Top non-repeatable levels by time:
     D:4: 1852 daAuts
     D:3: 1788 daAuts
     D:5: 1398 daAuts
     D:2: 1129 daAuts
     D:1: 786 daAuts
     D:6: 615 daAuts
     D:7: 1 daAuts
